 Dungeon Crawl Stone Soup version 0.31.0-12-g77e489cdc1 (webtiles) character file.

Game seed: 5566438046189483594

2656 Silvore the Slasher (level 9, 0/69 HPs)
             Began as a Demonspawn Fighter on Feb 14, 2024.
             Was an Initiate of Okawaru.
             Slain by a manticore (11 damage)
             ... on level 7 of the Dungeon.
             The game lasted 00:08:26 (6290 turns).

Silvore the Slasher (Demonspawn Fighter)            Turns: 6290, Time: 00:08:26

Health: 0/69       AC: 19    Str: 21    XL:     9   Next: 36%
Magic:  9/9        EV:  7    Int:  9    God:    Okawaru [......]
Gold:   514        SH:  5    Dex: 12    Spells: 8/8 levels left

rFire   . . .        a - +1 long sword
rCold   . . .        c - +0 buckler
rNeg    . . .        s - +0 plate armour
rPois   .            e - +1 helmet
rElec   .            o - +0 cloak {rCorr}
rCorr   +            (no gloves)
SInv    .            w - +0 pair of boots
Will    .....        (no amulet) Stlth
                     (no ring)
HPRegen 0.31/turn    (no ring)
MPRegen 0.11/turn

%: no passive effects
@: no status effects
A: foul stench 1, powered by death 1, sharp scales 2, weakness stinger 2
a: Renounce Religion


You were on level 7 of the Dungeon.
You worshipped Okawaru.
Okawaru was noncommittal.
You visited 2 branches of the dungeon, and saw 8 of its levels.

You collected 514 gold pieces.

Inventory:

Hand Weapons
 a - a +1 long sword (weapon)
Armour
 b - a +0 scale mail
 c - a +0 buckler (worn)
 e - a +1 helmet (worn)
 f - a +0 cloak
 o - a +0 cloak of preservation (worn)
 s - a +0 plate armour (worn)
 v - a +0 chain mail
 w - a +0 pair of boots (worn)
Jewellery
 l - an amulet of faith
Wands
 d - a wand of charming (12)
 q - a wand of mindburst (14)
Scrolls
 j - a scroll of immolation
 m - a scroll of enchant weapon
 n - a scroll of torment
 y - a scroll of identify
Potions
 g - 2 potions of enlightenment
 h - 2 potions of brilliance
 i - 3 potions of attraction
 k - 2 potions of lignification {unknown}
 r - a potion of cancellation {unknown}
 t - a potion of haste {unknown}
 u - a potion of berserk rage {unknown}
 z - a potion of resistance {unknown}


   Skills:
 + Level 5.7 Fighting
 + Level 7.6 Long Blades
 + Level 6.3 Armour
 + Level 3.1 Dodging
 + Level 0.7 Stealth
 + Level 5.0 Shields


You had 8 spell levels left.
You didn't know any spells.
Your spell library was empty.

Dungeon Overview and Level Annotations

Branches:
Dungeon (7/15)             Temple (1/1) D:7

Altars:
Ashenzari
Cheibriados
Dithmenos
Fedhas
Gozag
Hepliaklqana
Kikubaaqudgha
Makhleb
Nemelex Xobeh
Okawaru
Qazlal
Ru
Sif Muna
Uskayaw
Vehumet
Wu Jian
Xom
Yredelemnul

Portals:
Abyss: D:5

Annotations:
D:5 2 transporters, turdburglar's ghost, novice MfSh


Innate Abilities, Weirdness & Mutations

You may rarely emit foul miasma when damaged in melee.
You regenerate a little health from kills.
You are mostly covered in razor-sharp scales. (AC +2, Slay +2)
You have a tail ending in a sharp stinger.


Message History

You closely miss the manticore.
The manticore is lightly wounded.
You feel sick. The manticore bites you!
The manticore claws you but does no damage.
You block the manticore's attack.
You slash the manticore!
The manticore is moderately wounded.
You feel sick.
The manticore bites you but does no damage.
The manticore barely misses you.
The manticore claws you but does no damage.
You hit the manticore.
The manticore is heavily wounded.
You feel sick. The manticore barely misses you. x2
The manticore claws you but does no damage.
The manticore bites you.
The manticore claws you but does no damage. x2
You slash the manticore!
The manticore is heavily wounded.
You feel sick. The manticore bites you. The manticore claws you.
The manticore claws you but does no damage.
You hit the manticore. You tail-slap the manticore!
The manticore is almost dead.
You feel sick.
You are no longer poisoned.
You block the manticore's attack. The manticore barely misses you.
You block the manticore's attack.
You hit the manticore but do no damage.
Your tail-slap misses the manticore.
The manticore is almost dead.
The manticore bites you.
The manticore claws you but does no damage. x2
You completely miss the manticore. You tail-slap the manticore.
The manticore is almost dead.
The manticore bites you!
* * * LOW HITPOINT WARNING * * *
The manticore claws you but does no damage. x2
You completely miss the manticore.
The manticore is almost dead.
The manticore bites you!
You die...

# ..# #.... ###h..###
.##########@HSl....
...........###.####
#......#...###.############.
..######..##................
##............########
#............##
##.............#
##..............#
#...............#


You could see a manticore, a water moccasin, an iguana and a hound.

Vanquished Creatures
  Grinder (D:5)
  Prince Ribbit (D:6)
  2 water moccasins
  An ice beast (D:7)
  2 black bears
  An ogre (D:6)
  4 centaurs
  A phantom (D:6)
  A kobold brigand (D:6)
  5 scorpions
  6 killer bees (D:7)
  2 howler monkeys
  2 jellies
  2 hounds
  An orc priest (D:3)
  A sleepcap (D:5)
  A gnoll bouda (D:6)
  2 iguanas
  5 orc wizards
  8 adders
  A white imp (D:5)
  2 ufetubi (D:6)
  2 dart slugs
  4 ribbon worms
  26 orcs
  5 bats
  8 endoplasms
  6 giant cockroaches
  6 goblins
  4 hobgoblins
  2 quokkas
  6 ball pythons
  2 frilled lizards
  11 kobolds
  14 rats
148 creatures vanquished.

Notes
Turn   | Place    | Note
-------+----------+-------------------------------------------
     0 | D:1      | Silvore the Demonspawn Fighter began the quest for the Orb.
     0 | D:1      | Reached XP level 1. HP: 18/18 MP: 1/1
   112 | D:1      | Reached skill level 2 in Long Blades
   126 | D:1      | Gained mutation: You are partially covered in razor-sharp
                  | scales. (AC +1, Slay +1) [demonic ancestry]
   126 | D:1      | Reached XP level 2. HP: 2/24 MP: 2/2
   361 | D:1      | Found a faded altar of an unknown god.
   512 | D:1      | Gained mutation: You have a small tail. [demonic ancestry]
   512 | D:1      | Reached XP level 3. HP: 28/29 MP: 3/3
   879 | D:2      | Reached XP level 4. HP: 25/35 MP: 4/4
  1105 | D:2      | Found a shimmering blue altar of Sif Muna.
  1795 | D:3      | Found a sacrificial altar of Ru.
  1874 | D:3      | Gained mutation: You may rarely emit foul miasma when
                  | damaged in melee. [demonic ancestry]
  1874 | D:3      | Reached XP level 5. HP: 27/41 MP: 5/5
  1875 | D:3      | Reached skill level 3 in Long Blades
  2580 | D:4      | Reached skill level 1 in Dodging
  2693 | D:4      | Gained mutation: You regenerate a little health from kills.
                  | [demonic ancestry]
  2693 | D:4      | Reached XP level 6. HP: 32/47 MP: 6/6
  3403 | D:4      | Found a stormy altar of Qazlal.
  3461 | D:5      | Entered Level 5 of the Dungeon
  3469 | D:5      | Noticed turdburglar's ghost (novice MfSh)
  3470 | D:5      | Noticed an ancient zyme
  3550 | D:5      | Reached skill level 4 in Long Blades
  3690 | D:5      | Gained mutation: You are mostly covered in razor-sharp
                  | scales. (AC +2, Slay +2) [demonic ancestry]
  3690 | D:5      | Reached XP level 7. HP: 30/53 MP: 7/7
  3783 | D:5      | Found a one-way gate to the infinite horrors of the Abyss.
  3790 | D:5      | Found a transporter.
  3981 | D:5      | Found a transporter.
  4129 | D:5      | Reached skill level 5 in Long Blades
  4159 | D:5      | Reached skill level 5 in Armour
  4240 | D:5      | Noticed Grinder
  4252 | D:5      | Killed Grinder
  4253 | D:5      | Gained mutation: You have a tail ending in a sharp stinger.
                  | [demonic ancestry]
  4253 | D:5      | Reached XP level 8. HP: 47/61 MP: 8/8
  4808 | D:6      | Reached skill level 5 in Fighting
  4808 | D:6      | Reached skill level 6 in Long Blades
  5187 | D:6      | Noticed Prince Ribbit
  5193 | D:6      | Killed Prince Ribbit
  5364 | D:6      | Reached skill level 7 in Long Blades
  5364 | D:6      | Reached XP level 9. HP: 49/68 MP: 9/9
  5449 | D:6      | Found an ornate altar of the Wu Jian Council.
  5655 | D:7      | Found a staircase to the Ecumenical Temple.
  5664 | Temple   | Entered the Ecumenical Temple
  5689 | Temple   | Became a worshipper of Warmaster Okawaru
  6187 | D:7      | Reached skill level 5 in Shields
  6269 | D:7      | Noticed a manticore
  6290 | D:7      | Slain by a manticore

Illustrated notes

Levels and vault maps discovered:
D:1:      dpeg_arrival_ratfight, layout_basic, ebering_ecumenical_altar_box,
          nicolae_figureground_sparkle
D:2:      layout_rooms, basic_altar, minmay_diced_spiral
D:3:      layout_loops_ring, mainiacjoe_overflow_brackets
D:4:      layout_basic, mainiacjoe_overflow_alcove_1, elyvilon_altar_3
D:5:      layout_loops_corners, gammafunk_ghost_abyssal_escape,
          grunt_ministairs_11, uniq_grinder
D:6:      layout_cave_pools, nzn_wu_jian_council_hall, st_stairs_5,
          uniq_prince_ribbit1
D:7:      layout_cave_pods, minmay_temple_entry_gardened_gates,
          hangedman_decor_riveting, minmay_manual_monolith, uniq_joseph
Temple:   nicolae_temple_bog_church

Skill      XL: |  1  2  3  4  5  6  7  8  9 |
---------------+----------------------------+-----
Long Blades    | 2 3 4 5 7 |  7.6
Shields        | 3 4 5 |  5.0
Armour         | 3 4 5 6 |  6.3
Dodging        | 1 2 3 |  3.1
Fighting       | 4 5 |  5.7
Stealth        | |  0.7

Action                     |  1- 3 |  4- 6 |  7- 9 || total
---------------------------+-------+-------+-------++-------
  Melee: Long sword        |   128 |   233 |   236 ||   597
         Tailslap          |     8 |    32 |    41 ||    81
    Use: Scroll            |     2 |     9 |     3 ||    14
         Potion            |       |       |     8 ||     8
 Armour: Scale mail        |   110 |   204 |   118 ||   432
         Chain mail        |       |       |   180 ||   180
         Plate armour      |       |       |    32 ||    32
  Dodge: Dodged            |    80 |    82 |   207 ||   369
  Block: Buckler           |    44 |    45 |   107 ||   196
